SA
PUT-IN-BAY BC @ MT. VERNON BULLS
08/30/2026
 
TOP OF THE 1ST
Put-In-Bay BC batting - Pitching for Mt. Vernon Bulls : LHP Felipe Vega
Pitching: LHP Felipe Vega
Batting: LHB Tural Bishara 0-0: SINGLE (Groundball, 6MD)
Batting: RHB Angus Watts 0-0: Ball
1-0: Called Strike
1-1: Fly out, F4 (Line Drive, 4M)
Batting: RHB Steve Koch 0-0: Swinging Strike
0-1: Foul Ball, location: 2F
0-2: Ball
1-2: Foul Ball, location: 2F
1-2: Ball
2-2: Foul Ball, location: 2F
2-2: Ball
3-2: Foul Ball, location: 2F
3-2: Foul Ball, location: 2F
3-2: Foul Ball, location: 2F
3-2: Fielders Choice at 2nd, 5-4 (Groundball, 56)
Batting: RHB Peter Heard 0-0: Ball
Steve Koch is caught stealing 2nd base
Top of the 1st over - 0 run(s), 1 hit(s), 0 error(s), 0 left on base; Put-In-Bay 0 - Mt. Vernon 0
BOTTOM OF THE 1ST
Mt. Vernon Bulls batting - Pitching for Put-In-Bay BC : LHP Chiel Abspoel
Pitching: LHP Chiel Abspoel
Batting: RHB Noël Sassetti 0-0: Called Strike
0-1: Ball
1-1: Fly out, F9 (Flyball, 9LSF)
Batting: RHB Louis Litt 0-0: Ball
1-0: Called Strike
1-1: Ground out 5-3 (Groundball, 5L)
Batting: RHB Abraham Phelps 0-0: Ball
1-0: Ball
2-0: Ball
3-0: Base on Balls
Batting: LHB Lee Hart 0-0: Ball
1-0: Foul Ball, location: 2F
1-1: Ball
2-1: Ball
3-1: Base on Balls
Abraham Phelps to second
Batting: RHB António López 0-0: Swinging Strike
0-1: Swinging Strike
0-2: DOUBLE (Flyball, 78M)
Abraham Phelps scores
Lee Hart to third
Runner from 3rd tries for Home, SAFE, no throw
Batting: RHB Ken Gardner 0-0: Fly out, F9 (Flyball, 89M)
Bottom of the 1st over - 2 run(s), 1 hit(s), 0 error(s), 1 left on base; Put-In-Bay 0 - Mt. Vernon 2
TOP OF THE 2ND
Put-In-Bay BC batting - Pitching for Mt. Vernon Bulls : LHP Felipe Vega
Batting: RHB Peter Heard 0-0: Called Strike
0-1: Ball
1-1: Foul Ball, location: 2F
1-2: DOUBLE (Flyball, 89M)
Batting: SHB Norm Singletary 0-0: Ball
1-0: Foul Ball, location: 2F
1-1: Called Strike
1-2: Ball
2-2: Fly out, F8 (Flyball, 8RM)
Runner from 2nd tags up, SAFE at 3rd with throw
Batting: RHB Lou Lumsden 0-0: Ball
1-0: Foul Ball, location: 2F
1-1: Foul Ball, location: 2F
1-2: Ball
2-2: Ball
3-2: Ground out 6-3 (Groundball, 6)
Peter Heard scores
Batting: RHB Manuel Rosales 0-0: Ball
1-0: SINGLE (Line Drive, 8RS)
Batting: RHB Ryan French 0-0: Called Strike
Pickoff Throw by Catcher to First - Out!
Top of the 2nd over - 1 run(s), 2 hit(s), 0 error(s), 0 left on base; Put-In-Bay 1 - Mt. Vernon 2
BOTTOM OF THE 2ND
Mt. Vernon Bulls batting - Pitching for Put-In-Bay BC : LHP Chiel Abspoel
Batting: RHB Ryan Robbins 0-0: SINGLE (Groundball, 15S) (infield hit)
Batting: LHB Pablo Morales 0-0: Called Strike
Ryan Robbins is caught stealing 2nd base
0-1: Ball
1-1: Foul Ball, location: 2F
1-2: Strikes out swinging
Batting: RHB Dixon Snyder 0-0: Called Strike
0-1: Fly out, F7 (Flyball, 7)
Bottom of the 2nd over - 0 run(s), 1 hit(s), 0 error(s), 0 left on base; Put-In-Bay 1 - Mt. Vernon 2
TOP OF THE 3RD
Put-In-Bay BC batting - Pitching for Mt. Vernon Bulls : LHP Felipe Vega
Batting: RHB Ryan French 0-0: Called Strike
0-1: Reached on error, E4 (Groundball, 4)
Batting: LHB Francisco Alfaro 0-0: Fly out, F2 (Popup, 25)
Batting: LHB Tural Bishara 0-0: Ball
1-0: Foul Ball, location: 2F
1-1: Ball
2-1: Called Strike
2-2: Strikes out swinging
Batting: RHB Angus Watts 0-0: Ball
1-0: Ball
2-0: Ground out 6-3 (Groundball, 6)
Top of the 3rd over - 0 run(s), 0 hit(s), 1 error(s), 1 left on base; Put-In-Bay 1 - Mt. Vernon 2
BOTTOM OF THE 3RD
Mt. Vernon Bulls batting - Pitching for Put-In-Bay BC : LHP Chiel Abspoel
Batting: RHB Noël Sassetti 0-0: Fly out, F9 (Flyball, 9LS)
Batting: RHB Louis Litt 0-0: Ball
1-0: Swinging Strike
1-1: Ground out 6-3 (Groundball, 6)
Batting: RHB Abraham Phelps 0-0: Ball
1-0: Ball
2-0: Called Strike
2-1: Ball
3-1: Base on Balls
Batting: LHB Lee Hart 0-0: Called Strike
0-1: Swinging Strike
0-2: Strikes out swinging
Bottom of the 3rd over - 0 run(s), 0 hit(s), 0 error(s), 1 left on base; Put-In-Bay 1 - Mt. Vernon 2
TOP OF THE 4TH
Put-In-Bay BC batting - Pitching for Mt. Vernon Bulls : LHP Felipe Vega
Batting: RHB Steve Koch 0-0: Foul Ball, location: 2F
0-1: Ball
1-1: Ground out 6-3 (Groundball, 6)
Batting: RHB Peter Heard 0-0: SINGLE (Flyball, 8LS)
Batting: SHB Norm Singletary 0-0: Called Strike
0-1: Foul Ball, location: 2F
0-2: SINGLE (Groundball, 4MD)
Peter Heard to second
Runner from 2nd tries for 3rd, SAFE, throw made to third
Norm Singletary to second
Batting: RHB Lou Lumsden 0-0: Ball
1-0: Called Strike
1-1: Ball
2-1: Called Strike
2-2: Strikes out swinging
Batting: RHB Manuel Rosales 0-0: Swinging Strike
0-1: Ball
1-1: Ball
2-1: Called Strike
2-2: Ball
3-2: Base on Balls
Batting: RHB Ryan French 0-0: Ground out 1-3 (Groundball, P)
Top of the 4th over - 0 run(s), 2 hit(s), 0 error(s), 3 left on base; Put-In-Bay 1 - Mt. Vernon 2
BOTTOM OF THE 4TH
Mt. Vernon Bulls batting - Pitching for Put-In-Bay BC : LHP Chiel Abspoel
Batting: RHB António López 0-0: Foul Ball, location: 2F
0-1: Foul Ball, location: 2F
0-2: Foul Ball, location: 2F
0-2: Foul Ball, location: 2F
0-2: Foul Ball, location: 2F
0-2: Ball
1-2: Foul Ball, location: 2F
1-2: Ball
2-2: Fly out, F4 (Flyball, 4D)
Batting: RHB Ken Gardner 0-0: Called Strike
0-1: Ball
1-1: Fly out, F8 (Line Drive, 8RM)
Batting: RHB Ryan Robbins 0-0: Foul Ball, location: 2F
0-1: SINGLE (Groundball, 56D)
Batting: LHB Pablo Morales 0-0: Fly out, F8 (Flyball, 8RS)
Bottom of the 4th over - 0 run(s), 1 hit(s), 0 error(s), 1 left on base; Put-In-Bay 1 - Mt. Vernon 2
TOP OF THE 5TH
Put-In-Bay BC batting - Pitching for Mt. Vernon Bulls : LHP Felipe Vega
Batting: LHB Francisco Alfaro 0-0: Called Strike
0-1: Ball
1-1: Bunt missed!
1-2: Ball
2-2: Ground out 4-3 (Groundball, 4)
Batting: LHB Tural Bishara 0-0: Ball
1-0: Foul Ball, location: 2F
1-1: Ball
2-1: Ball
3-1: Base on Balls
Batting: RHB Angus Watts 0-0: Ball
1-0: Ball
2-0: Grounds into double play, 4-6-3 (Groundball, 34)
Top of the 5th over - 0 run(s), 0 hit(s), 0 error(s), 0 left on base; Put-In-Bay 1 - Mt. Vernon 2
BOTTOM OF THE 5TH
Mt. Vernon Bulls batting - Pitching for Put-In-Bay BC : LHP Chiel Abspoel
Batting: RHB Dixon Snyder 0-0: Ground out 5-3 (Groundball, 5)
Batting: RHB Noël Sassetti 0-0: Called Strike
0-1: Fly out, F9 (Flyball, 89S)
Batting: RHB Louis Litt 0-0: Foul Ball, location: 2F
0-1: Ground out 1-3 (Groundball, 13S)
Bottom of the 5th over - 0 run(s), 0 hit(s), 0 error(s), 0 left on base; Put-In-Bay 1 - Mt. Vernon 2
TOP OF THE 6TH
Put-In-Bay BC batting - Pitching for Mt. Vernon Bulls : LHP Felipe Vega
Batting: RHB Steve Koch 0-0: Called Strike
0-1: Foul Ball, location: 2F
0-2: Ball
1-2: Ball
2-2: SINGLE (Flyball, 9LS)
Batting: RHB Peter Heard 0-0: Foul Ball, location: 2F
0-1: Ball
1-1: SINGLE (Groundball, 6MD)
Steve Koch to second
Runner from 2nd tries for 3rd, SAFE, throw made to third
Peter Heard to second
Batting: SHB Norm Singletary 0-0: Ball
1-0: Foul Ball, location: 2F
1-1: Swinging Strike
1-2: Foul Ball, location: 2F
1-2: Strikes out swinging
Batting: RHB Lou Lumsden 0-0: Ball
1-0: Ball
2-0: Called Strike
2-1: SINGLE (Line Drive, 89M)
Steve Koch scores
Peter Heard to third
Runner from 3rd tries for Home, throw and OUT!
Batting: RHB Manuel Rosales 0-0: Called Strike
0-1: Ball
1-1: Called Strike
1-2: Fly out, F4 (Popup, 4)
Top of the 6th over - 1 run(s), 3 hit(s), 0 error(s), 1 left on base; Put-In-Bay 2 - Mt. Vernon 2
BOTTOM OF THE 6TH
Mt. Vernon Bulls batting - Pitching for Put-In-Bay BC : LHP Chiel Abspoel
Batting: RHB Abraham Phelps 0-0: Fly out, F9 (Flyball, 9LSF)
Batting: LHB Lee Hart 0-0: Ball
1-0: Ball
2-0: SINGLE (Groundball, 34S) (infield hit)
Batting: RHB António López 0-0: Ball
1-0: Foul Ball, location: 2F
1-1: Ball
2-1: Ball
3-1: Base on Balls
Lee Hart to second
Batting: RHB Ken Gardner 0-0: SINGLE (Groundball, 56D)
Lee Hart to third
António López to second
Runner from 3rd tries for Home, SAFE, throw made home
Batting: RHB Ryan Robbins 0-0: Called Strike
0-1: Ball
1-1: Foul Ball, location: 2F
1-2: Ball
2-2: Ground out 5-3 (Groundball, 25)
António López to third
Ken Gardner to second
Batting: LHB Pablo Morales 0-0: Ball
1-0: Called Strike
1-1: SINGLE (Flyball, 7LS)
António López scores
Ken Gardner to third
Runner from 3rd tries for Home, SAFE, no throw
Batting: RHB Dixon Snyder 0-0: Called Strike
0-1: Foul Ball, location: 2F
0-2: Ball
1-2: Fly out, F8 (Line Drive, 8LD)
Bottom of the 6th over - 3 run(s), 3 hit(s), 0 error(s), 1 left on base; Put-In-Bay 2 - Mt. Vernon 5
TOP OF THE 7TH
Put-In-Bay BC batting - Pitching for Mt. Vernon Bulls : LHP Felipe Vega
Batting: RHB Ryan French 0-0: Foul Ball, location: 2F
0-1: Ball
1-1: Ball
2-1: Ball
3-1: Base on Balls
Batting: LHB Francisco Alfaro 0-0: Ball
1-0: Bunted foul
1-1: Bunted foul
1-2: Fly out, F8 (Flyball, 8RM)
Batting: LHB Tural Bishara 0-0: Ball
1-0: Fly out, F8 (Line Drive, 8LM)
Pitching: RHP Pepe Delgado
Batting: RHB Angus Watts 0-0: Ball
1-0: Foul Ball, location: 2F
1-1: Fielders Choice at 2nd, 6-4 (Groundball, 6D)
Top of the 7th over - 0 run(s), 0 hit(s), 0 error(s), 0 left on base; Put-In-Bay 2 - Mt. Vernon 5
BOTTOM OF THE 7TH
Mt. Vernon Bulls batting - Pitching for Put-In-Bay BC : LHP Chiel Abspoel
Batting: RHB Noël Sassetti 0-0: Ball
1-0: Ground out 1-3 (Groundball, P)
Batting: RHB Louis Litt 0-0: Ball
1-0: Foul Ball, location: 2F
1-1: Swinging Strike
1-2: Strikes out swinging
Batting: RHB Abraham Phelps 0-0: Ball
1-0: Foul Ball, location: 2F
1-1: Foul Ball, location: 2F
1-2: Fly out, F3 (Popup, 3D)
Bottom of the 7th over - 0 run(s), 0 hit(s), 0 error(s), 0 left on base; Put-In-Bay 2 - Mt. Vernon 5
TOP OF THE 8TH
Put-In-Bay BC batting - Pitching for Mt. Vernon Bulls : RHP Pepe Delgado
Batting: RHB Steve Koch 0-0: Ball
1-0: SINGLE (Groundball, 34D)
Batting: RHB Peter Heard 0-0: Hit by Pitch
Steve Koch to second
Pitching: LHP José Álvarez
Pinch Runner at 1st Júlio Pérez:
Batting: SHB Norm Singletary 0-0: Called Strike
0-1: Foul Ball, location: 2F
0-2: Ball
1-2: Ball
2-2: Strikes out swinging
Pitching: RHP Mark Goldwire
Batting: RHB Lou Lumsden 0-0: Ball
1-0: SINGLE (Flyball, 9S)
Steve Koch to third
Júlio Pérez to second
Runner from 3rd tries for Home, SAFE, no throw
Batting: RHB Manuel Rosales 0-0: Swinging Strike
0-1: Ball
1-1: Foul Ball, location: 2F
1-2: Ball
2-2: Ball
3-2: Fly out, F2 (Popup, 3S)
Batting: RHB Ryan French 0-0: Called Strike
0-1: Ball
1-1: Ball
2-1: Foul Ball, location: 2F
2-2: Foul Ball, location: 2F
2-2: SINGLE (Flyball, 78M)
Júlio Pérez to third
Lou Lumsden to second
Runner from 3rd tries for Home, SAFE, no throw
Pitching: LHP Stephen Marchbanks
Batting: LHB Francisco Alfaro 0-0: Ball
1-0: Swinging Strike
1-1: Ball
2-1: Called Strike
2-2: Strikes out swinging
Top of the 8th over - 2 run(s), 3 hit(s), 0 error(s), 2 left on base; Put-In-Bay 4 - Mt. Vernon 5
BOTTOM OF THE 8TH
Mt. Vernon Bulls batting - Pitching for Put-In-Bay BC : LHP Chiel Abspoel
Now in LF: Júlio Pérez
Batting: LHB Lee Hart 0-0: Foul Ball, location: 2F
0-1: Foul Ball, location: 2F
0-2: Foul Ball, location: 2F
0-2: Ball
1-2: Ball
2-2: Strikes out swinging
Batting: RHB António López 0-0: Called Strike
0-1: SINGLE (Groundball, 56D)
Batting: RHB Ken Gardner 0-0: Ball
1-0: Ball
2-0: Foul Ball, location: 2F
2-1: SINGLE (Groundball, 4M) (infield hit)
António López to second
Pitching: RHP Félix Santiago
Pinch Hitting: RHB Jim Unknown 0-0: Fly out, F9 (Flyball, 9D)
Runner from 2nd tags up, SAFE at 3rd, no throw
Pinch Hitting: RHB Alba Hidalgo de Jesus 0-0: Called Strike
Ken Gardner is caught stealing 2nd base
Bottom of the 8th over - 0 run(s), 2 hit(s), 0 error(s), 0 left on base; Put-In-Bay 4 - Mt. Vernon 5
TOP OF THE 9TH
Put-In-Bay BC batting - Pitching for Mt. Vernon Bulls : LHP Stephen Marchbanks
Pitching: LHP Carlos Núńez
Now in LF: Jim Unknown
Now in CF: Alba Hidalgo de Jesus
Batting: LHB Tural Bishara 0-0: Fly out, F9 (Line Drive, 9)
Batting: RHB Angus Watts 0-0: Ball
1-0: Ball
2-0: Ball
3-0: Foul Ball, location: 2F
3-1: Foul Ball, location: 2F
3-2: Base on Balls
Pinch Runner at 1st Francisco Valéncia:
Batting: RHB Steve Koch 0-0: Ball
1-0: Foul Ball, location: 2F
1-1: Ball
2-1: Ball
3-1: Base on Balls
Francisco Valéncia to second
Batting: SHB Júlio Pérez 0-0: Ball
1-0: SINGLE (Groundball, 4MD)
Francisco Valéncia to third
Steve Koch to second
Runner from 3rd tries for Home, SAFE, no throw
Batting: SHB Norm Singletary 0-0: Swinging Strike
0-1: Ball
1-1: Foul Ball, location: 2F
1-2: Ball
2-2: Fielders Choice at 2nd, 6-4 (Groundball, 56)
Steve Koch to third
Batting: RHB Lou Lumsden 0-0: Called Strike
0-1: Ball
1-1: Called Strike
1-2: Fielders Choice at 2nd, 6-4 (Groundball, 56)
Top of the 9th over - 1 run(s), 1 hit(s), 0 error(s), 1 left on base; Put-In-Bay 5 - Mt. Vernon 5
BOTTOM OF THE 9TH
Mt. Vernon Bulls batting - Pitching for Put-In-Bay BC : RHP Félix Santiago
Pitching: LHP Bill Edmonds
Now at 3B: Marlon Webster
Batting: RHB Alba Hidalgo de Jesus 0-0: Called Strike
0-1: Swinging Strike
0-2: Ball
1-2: Ground out 6-3 (Groundball, 6M)
Batting: RHB Dixon Snyder 0-0: Fly out, F1 (Line Drive, 13)
Batting: RHB Noël Sassetti 0-0: Fly out, F9 (Flyball, 9LS)
Bottom of the 9th over - 0 run(s), 0 hit(s), 0 error(s), 0 left on base; Put-In-Bay 5 - Mt. Vernon 5
TOP OF THE 10TH
Put-In-Bay BC batting - Pitching for Mt. Vernon Bulls : LHP Carlos Núńez
Batting: RHB Manuel Rosales 0-0: Ball
1-0: Called Strike
1-1: Called Strike
1-2: SINGLE (Line Drive, 7)
Pinch Hitting: RHB Tony Cruz 0-0: Ball
Manuel Rosales is caught stealing 2nd base
1-0: Ball
2-0: Ball
3-0: Base on Balls
Batting: LHB Francisco Alfaro 0-0: Foul Ball, location: 2F
0-1: Ball
1-1: Fly out, F4 (Popup, 34D)
Batting: LHB Tural Bishara 0-0: Called Strike
0-1: Ball
1-1: Ball
2-1: Fielders Choice at 2nd, 4-6 (Groundball, 34)
Top of the 10th over - 0 run(s), 1 hit(s), 0 error(s), 0 left on base; Put-In-Bay 5 - Mt. Vernon 5
BOTTOM OF THE 10TH
Mt. Vernon Bulls batting - Pitching for Put-In-Bay BC : LHP Bill Edmonds
Now at C: Tony Cruz
Pinch Hitting: RHB Rafael López 0-0: Ball
1-0: Called Strike
1-1: Fly out, F8 (Flyball, 8LM)
Batting: RHB Abraham Phelps 0-0: SINGLE (Flyball, 8LS)
Pinch Runner at 1st Orlando Hernández:
Batting: LHB Lee Hart 0-0: Called Strike
Orlando Hernández is caught stealing 2nd base
0-1: Ball
1-1: Ball
2-1: Fly out, F7 (Flyball, 7)
Bottom of the 10th over - 0 run(s), 1 hit(s), 0 error(s), 0 left on base; Put-In-Bay 5 - Mt. Vernon 5
TOP OF THE 11TH
Put-In-Bay BC batting - Pitching for Mt. Vernon Bulls : LHP Carlos Núńez
Pitching: RHP Evan Roy
Now at 1B: Chet Mathis
Now at SS: Orlando Hernández
Pinch Hitting: RHB Jim Unknown 0-0: Ball
1-0: Called Strike
1-1: SINGLE (Line Drive, 5S)
Batting: RHB Steve Koch 0-0: Swinging Strike
0-1: Foul Ball, location: 2F
0-2: Ball
1-2: Ball
2-2: Foul Ball, location: 2F
2-2: Ball
3-2: Foul Ball, location: 2F
3-2: SINGLE (Groundball, 6MD)
Jim Unknown to second
Batting: SHB Júlio Pérez 0-0: Called Strike
0-1: Ball
1-1: Ball
Wild Pitch!
Jim Unknown to third
Steve Koch to second
2-1: Ground out 5-3 (Groundball, 56S)
Batting: SHB Norm Singletary 0-0: Intentional Walk
Batting: RHB Lou Lumsden 0-0: Ball
1-0: Foul Ball, location: 2F
1-1: Ball
2-1: Swinging Strike
2-2: Ball
3-2: Strikes out swinging
Batting: RHB Manuel Rosales 0-0: Fielders Choice at 2nd, 6-4 (Groundball, 6)
Top of the 11th over - 0 run(s), 2 hit(s), 0 error(s), 2 left on base; Put-In-Bay 5 - Mt. Vernon 5
BOTTOM OF THE 11TH
Mt. Vernon Bulls batting - Pitching for Put-In-Bay BC : LHP Bill Edmonds
Now in LF: Jim Unknown
Batting: RHB António López 0-0: Ball
1-0: Called Strike
1-1: Called Strike
1-2: Ball
2-2: Fly out, F8 (Flyball, 8RM)
Batting: RHB Ken Gardner 0-0: Ball
1-0: Reached on error, E5 (Groundball, 56)
Pinch Hitting: SHB José Macías 0-0: Swinging Strike
0-1: Ball
1-1: Foul Ball, location: 2F
1-2: Foul Ball, location: 2F
1-2: Ball
2-2: Strikes out swinging
Batting: RHB Alba Hidalgo de Jesus 0-0: Ball
1-0: Called Strike
1-1: Ball
2-1: Fielders Choice at 2nd, 4-6 (Groundball, 4)
Bottom of the 11th over - 0 run(s), 0 hit(s), 1 error(s), 0 left on base; Put-In-Bay 5 - Mt. Vernon 5
TOP OF THE 12TH
Put-In-Bay BC batting - Pitching for Mt. Vernon Bulls : RHP Evan Roy
Now in LF: José Macías
Batting: RHB Tony Cruz 0-0: Called Strike
0-1: Swinging Strike
0-2: Ball
1-2: Strikes out swinging
Batting: LHB Francisco Alfaro 0-0: Ball
1-0: Ground out 4-3 (Groundball, 4S)
Batting: LHB Tural Bishara 0-0: Ball
1-0: Ground out 3-1 (Groundball, 34)
Top of the 12th over - 0 run(s), 0 hit(s), 0 error(s), 0 left on base; Put-In-Bay 5 - Mt. Vernon 5
BOTTOM OF THE 12TH
Mt. Vernon Bulls batting - Pitching for Put-In-Bay BC : LHP Bill Edmonds
Batting: RHB Dixon Snyder 0-0: Ball
1-0: Ball
2-0: Foul Ball, location: 2F
2-1: TRIPLE (Line Drive, 8LXD)
Batting: RHB Noël Sassetti 0-0: Ball
1-0: Ball
2-0: Ball
3-0: Called Strike
3-1: Base on Balls
Pinch Hitting: RHB Wilson Sánchez 0-0: Ball
1-0: Swinging Strike
1-1: Swinging Strike
1-2: Fly out, F8 (Flyball, 8RS)
Batting: RHB Orlando Hernández 0-0: Called Strike
0-1: Ball
1-1: Ball
2-1: SINGLE (Groundball, 56D)
Dixon Snyder scores
GAME OVER ... MT. VERNON DEFEATS PUT
In-Bay, 6 to 5
Monday, March 20th, 2017 - OOTP Baseball 17.12 Build 75